| TOP OF THE 1ST |
|
Iowa Cubs batting - Pitching for Lehigh Valley IronPigs : RHP Nick Turner
|
|
Pitching: RHP Nick Turner
|
|
|
Batting: LHB Jose Mojica
|
0-0: Ball 1-0: Called Strike 1-1: SINGLE (Groundball, P, EV 81.9 MPH) (infield hit)
|
|
Batting: RHB Butch Koglin
|
0-0: Ball 1-0: Fielders Choice at 2nd, 3-6 (Groundball, 34S, EV 91.9 MPH)
|
|
Batting: SHB Gerardo Flores
|
0-0: Hit by Pitch Butch Koglin to second
|
|
Batting: LHB Chris Morgan
|
0-0: Ball 1-0: Ball 2-0: Foul Ball, location: 2F 2-1: Ball 3-1: Base on Balls Butch Koglin to third Gerardo Flores to second
|
|
Batting: LHB Paul Perry
|
0-0: Called Strike 0-1: Ball 1-1: Fielders Choice at 2nd, 5-4 (Groundball, 56S, EV 80.0 MPH) Butch Koglin scores Gerardo Flores to third
|
|
Batting: LHB John Criswell
|
0-0: Called Strike 0-1: Called Strike 0-2: Strikes out swinging
|
| Top of the 1st over - 1 run, 1 hit, 0 errors, 2 left on base; Iowa 1 - Lehigh Valley 0 |
| BOTTOM OF THE 1ST |
|
Lehigh Valley IronPigs batting - Pitching for Iowa Cubs : RHP Mike Richardson
|
|
Pitching: RHP Mike Richardson
|
|
|
Batting: LHB Chad Persaud
|
0-0: Ground out 4-3 (Groundball, 4, EV 108.1 MPH)
|
|
Batting: LHB Tyler Allen
|
0-0: Called Strike 0-1: Foul Ball, location: 2F 0-2: Ball 1-2: Ball 2-2: Fly out, F8 (Flyball, 8LD, EV 101.9 MPH)
|
|
Batting: SHB Lance Franklin
|
0-0: Ground out 6-3 (Groundball, 6D, EV 104.4 MPH)
|
| Bottom of the 1st over - 0 runs, 0 hits, 0 errors, 0 left on base; Iowa 1 - Lehigh Valley 0 |
| TOP OF THE 2ND |
|
Iowa Cubs batting - Pitching for Lehigh Valley IronPigs : RHP Nick Turner
|
|
Batting: SHB Nick Chandler
|
0-0: Called Strike 0-1: Ball 1-1: Foul Ball, location: 2F 1-2: Strikes out swinging
|
|
Batting: LHB Bobby Adams
|
0-0: Ball 1-0: Ball 2-0: Called Strike 2-1: Called Strike 2-2: Ball 3-2: Foul Ball, location: 2F 3-2: Strikes out swinging
|
|
Batting: SHB R.J. Vargas
|
0-0: DOUBLE (Flyball, 78XD, EV 106.9 MPH)
|
|
Batting: LHB Jose Mojica
|
0-0: Ball 1-0: Foul Ball, location: 2F 1-1: Called Strike 1-2: Ball 2-2: Foul Ball, location: 2F 2-2: Ground out 4-3 (Groundball, 4, EV 91.2 MPH)
|
| Top of the 2nd over - 0 runs, 1 hit, 0 errors, 1 left on base; Iowa 1 - Lehigh Valley 0 |
| BOTTOM OF THE 2ND |
|
Lehigh Valley IronPigs batting - Pitching for Iowa Cubs : RHP Mike Richardson
|
|
Batting: RHB Julian Nijhuis
|
0-0: Ball 1-0: Called Strike 1-1: Ball 2-1: Foul Ball, location: 2F 2-2: Ball 3-2: Base on Balls
|
|
Batting: RHB Matt Sanders
|
0-0: Ball 1-0: DOUBLE (Flyball, 89XD, EV 106.2 MPH) Julian Nijhuis to third
|
|
Batting: RHB Young-tae Yoo
|
0-0: Ball 1-0: Ball 2-0: Called Strike 2-1: Fly out, F9 (Flyball, 9, EV 85.0 MPH)
|
|
Batting: RHB Josh Hensley
|
0-0: Ball 1-0: Swinging Strike 1-1: Ground out 6-3 (Groundball, 6, EV 91.9 MPH) Julian Nijhuis scores
|
|
Batting: RHB Chris Pounds
|
0-0: DOUBLE (Groundball, 3L, EV 96.9 MPH) Matt Sanders scores
|
|
Batting: RHB Dan Grable
|
0-0: Ball 1-0: Swinging Strike 1-1: DOUBLE (Line Drive, 8RXD, EV 107.5 MPH) Chris Pounds scores
|
|
Batting: LHB Chad Persaud
|
0-0: Swinging Strike 0-1: Ball 1-1: Ball 2-1: Ball 3-1: SINGLE (Groundball, 6S, EV 68.1 MPH) (infield hit) Dan Grable to third
|
|
Batting: LHB Tyler Allen
|
0-0: Ball 1-0: Ball 2-0: Called Strike 2-1: Ball 3-1: Foul Ball, location: 2F 3-2: Foul Ball, location: 2F 3-2: Fly out, F6 (Line Drive, 6, EV 66.9 MPH)
|
| Bottom of the 2nd over - 3 runs, 4 hits, 0 errors, 2 left on base; Iowa 1 - Lehigh Valley 3 |
| TOP OF THE 3RD |
|
Iowa Cubs batting - Pitching for Lehigh Valley IronPigs : RHP Nick Turner
|
|
Batting: RHB Butch Koglin
|
0-0: Ball 1-0: SINGLE (Groundball, 6MD, EV 99.4 MPH)
|
|
Batting: SHB Gerardo Flores
|
0-0: Foul Ball, location: 2F 0-1: Ball 1-1: Called Strike 1-2: Strikes out swinging
|
|
Batting: LHB Chris Morgan
|
0-0: Foul Ball, location: 2F 0-1: Foul Ball, location: 2F 0-2: Strikes out looking
|
|
Batting: LHB Paul Perry
|
0-0: Ball 1-0: Called Strike 1-1: Ball 2-1: Ball 3-1: Base on Balls Butch Koglin to second
|
|
Batting: LHB John Criswell
|
0-0: Ball 1-0: Called Strike 1-1: Foul Ball, location: 2F 1-2: Strikes out swinging
|
| Top of the 3rd over - 0 runs, 1 hit, 0 errors, 2 left on base; Iowa 1 - Lehigh Valley 3 |
| BOTTOM OF THE 3RD |
|
Lehigh Valley IronPigs batting - Pitching for Iowa Cubs : RHP Mike Richardson
|
|
Batting: SHB Lance Franklin
|
0-0: SINGLE (Line Drive, 6D, EV 110.0 MPH)
|
|
Batting: RHB Julian Nijhuis
|
0-0: Ball 1-0: Called Strike 1-1: Ball 2-1: 2-RUN HOME RUN (Flyball, 7D, EV 96.2 MPH), Distance : 389 ft
|
|
Batting: RHB Matt Sanders
|
0-0: Swinging Strike 0-1: Foul Ball, location: 2F 0-2: Ball 1-2: Foul Ball, location: 2F 1-2: Ball 2-2: Ball 3-2: Foul Ball, location: 2F 3-2: Ground out 6-3 (Groundball, 6, EV 85.0 MPH)
|
|
Batting: RHB Young-tae Yoo
|
0-0: Ball 1-0: Called Strike 1-1: Ground out 6-3 (Groundball, 6S, EV 84.4 MPH)
|
|
Batting: RHB Josh Hensley
|
0-0: Ball 1-0: Called Strike 1-1: Ball 2-1: Foul Ball, location: 2F 2-2: SINGLE (Line Drive, 4MD, EV 102.5 MPH)
|
|
Pitching: RHP Joe Pate
|
|
|
Batting: RHB Chris Pounds
|
0-0: Ball 1-0: Ball 2-0: Ball 3-0: Called Strike 3-1: Swinging Strike 3-2: Foul Ball, location: 2F 3-2: Fly out, F4 (Popup, 4, EV 56.9 MPH)
|
| Bottom of the 3rd over - 2 runs, 3 hits, 0 errors, 1 left on base; Iowa 1 - Lehigh Valley 5 |
| TOP OF THE 4TH |
|
Iowa Cubs batting - Pitching for Lehigh Valley IronPigs : RHP Nick Turner
|
|
Batting: SHB Nick Chandler
|
0-0: Called Strike 0-1: Ball 1-1: Swinging Strike 1-2: Foul Ball, location: 2F 1-2: Ball 2-2: Fly out, F7 (Line Drive, 7LM, EV 96.9 MPH)
|
|
Batting: LHB Bobby Adams
|
0-0: Ball 1-0: Ball 2-0: Ball 3-0: Base on Balls
|
|
Batting: SHB R.J. Vargas
|
0-0: Ball 1-0: Foul Ball, location: 2F 1-1: Foul Ball, location: 2F 1-2: Ball 2-2: Foul Ball, location: 2F 2-2: DOUBLE (Flyball, 78D, EV 105.6 MPH) Bobby Adams to third
|
|
Batting: LHB Jose Mojica
|
0-0: Called Strike 0-1: Ball 1-1: Foul Ball, location: 2F 1-2: Ball 2-2: Foul Ball, location: 2F 2-2: Foul Ball, location: 2F 2-2: Foul Ball, location: 2F 2-2: Strikes out swinging
|
|
Batting: RHB Butch Koglin
|
0-0: Ball 1-0: Foul Ball, location: 2F 1-1: Ball 2-1: Foul Ball, location: 2F 2-2: Strikes out swinging
|
| Top of the 4th over - 0 runs, 1 hit, 0 errors, 2 left on base; Iowa 1 - Lehigh Valley 5 |
| BOTTOM OF THE 4TH |
|
Lehigh Valley IronPigs batting - Pitching for Iowa Cubs : RHP Joe Pate
|
|
Batting: RHB Dan Grable
|
0-0: SINGLE (Flyball, 5D, EV 91.2 MPH)
|
|
Batting: LHB Chad Persaud
|
0-0: Called Strike 0-1: SINGLE (Flyball, 7LS, EV 92.5 MPH) Dan Grable to second
|
|
Batting: LHB Tyler Allen
|
0-0: Ball 1-0: Ball 2-0: Fly out, F7 (Flyball, 7, EV 90.6 MPH)
|
|
Batting: SHB Lance Franklin
|
0-0: Ball 1-0: DOUBLE (Flyball, 8LD, EV 106.2 MPH) Dan Grable scores Chad Persaud to third
|
|
Batting: RHB Julian Nijhuis
|
0-0: Ball 1-0: Ground out 6-3 (Groundball, 6S, EV 88.8 MPH) Chad Persaud scores Lance Franklin to third
|
|
Batting: RHB Matt Sanders
|
0-0: Called Strike 0-1: Ground out 6-3 (Groundball, 6, EV 82.5 MPH)
|
| Bottom of the 4th over - 2 runs, 3 hits, 0 errors, 1 left on base; Iowa 1 - Lehigh Valley 7 |
| TOP OF THE 5TH |
|
Iowa Cubs batting - Pitching for Lehigh Valley IronPigs : RHP Nick Turner
|
|
Batting: SHB Gerardo Flores
|
0-0: DOUBLE (Flyball, 8LXD, EV 104.4 MPH)
|
|
Batting: LHB Chris Morgan
|
0-0: Called Strike 0-1: Foul Ball, location: 2F 0-2: Ball 1-2: Ball 2-2: Fly out, F5 (Flyball, 5D, EV 95.0 MPH)
|
|
Batting: LHB Paul Perry
|
0-0: Called Strike 0-1: Swinging Strike 0-2: Ball 1-2: Ball 2-2: Ball 3-2: Strikes out swinging
|
|
Batting: LHB John Criswell
|
0-0: Called Strike 0-1: Called Strike 0-2: Ball 1-2: Ball 2-2: Foul Ball, location: 2F 2-2: Strikes out swinging
|
| Top of the 5th over - 0 runs, 1 hit, 0 errors, 1 left on base; Iowa 1 - Lehigh Valley 7 |
| BOTTOM OF THE 5TH |
|
Lehigh Valley IronPigs batting - Pitching for Iowa Cubs : RHP Joe Pate
|
|
Batting: RHB Young-tae Yoo
|
0-0: Ball 1-0: Ball 2-0: Ball 3-0: Base on Balls
|
|
Batting: RHB Josh Hensley
|
0-0: Foul Ball, location: 2F 0-1: Ball 1-1: Ball 2-1: Ball 3-1: Base on Balls Young-tae Yoo to second
|
|
Batting: RHB Chris Pounds
|
0-0: Ball 1-0: Swinging Strike 1-1: Ball 2-1: Ball 3-1: Base on Balls Young-tae Yoo to third Josh Hensley to second
|
|
Batting: RHB Dan Grable
|
0-0: Foul Ball, location: 2F 0-1: Ball 1-1: Fly out, F7 (Flyball, 7D, EV 92.5 MPH) Runner from 3rd tags up, OUT at HOME! 7-2 Josh Hensley to third Chris Pounds to second
|
|
Batting: LHB Chad Persaud
|
0-0: Foul Ball, location: 2F 0-1: Ball 1-1: Foul Ball, location: 2F 1-2: Strikes out swinging
|
| Bottom of the 5th over - 0 runs, 0 hits, 0 errors, 2 left on base; Iowa 1 - Lehigh Valley 7 |
| TOP OF THE 6TH |
|
Iowa Cubs batting - Pitching for Lehigh Valley IronPigs : RHP Nick Turner
|
|
Batting: SHB Nick Chandler
|
0-0: Called Strike 0-1: Foul Ball, location: 2F 0-2: Strikes out swinging
|
|
Batting: LHB Bobby Adams
|
0-0: Ground out 6-3 (Groundball, 6, EV 90.6 MPH)
|
|
Batting: SHB R.J. Vargas
|
0-0: Ball 1-0: Ball 2-0: Ball 3-0: Called Strike 3-1: Called Strike 3-2: Foul Ball, location: 2F 3-2: Base on Balls
|
|
Pitching: RHP John Capparelli
|
|
|
Batting: LHB Jose Mojica
|
0-0: Ball 1-0: Called Strike 1-1: Ball 2-1: SINGLE (Groundball, 25, EV 67.5 MPH) (infield hit) R.J. Vargas to second
|
|
Batting: RHB Butch Koglin
|
0-0: Ball 1-0: Fly out, F4 (Flyball, 34D, EV 89.4 MPH)
|
| Top of the 6th over - 0 runs, 1 hit, 0 errors, 2 left on base; Iowa 1 - Lehigh Valley 7 |
| BOTTOM OF THE 6TH |
|
Lehigh Valley IronPigs batting - Pitching for Iowa Cubs : RHP Joe Pate
|
|
Pitching: RHP Chris Allen
|
|
|
Batting: LHB Tyler Allen
|
0-0: Ball 1-0: Foul Ball, location: 2F 1-1: SINGLE (Flyball, 8LS, EV 96.9 MPH)
|
|
Batting: SHB Lance Franklin
|
0-0: Ball 1-0: Fielders Choice at 2nd, 4-6 (Groundball, 4, EV 88.1 MPH)
|
|
Batting: RHB Julian Nijhuis
|
0-0: Ball 1-0: Swinging Strike 1-1: Foul Ball, location: 2F 1-2: Ball 2-2: Foul Ball, location: 2F 2-2: Strikes out looking
|
|
Batting: RHB Matt Sanders
|
0-0: Called Strike 0-1: Ground out 1-3 (Groundball, 15S, EV 65.6 MPH)
|
| Bottom of the 6th over - 0 runs, 1 hit, 0 errors, 1 left on base; Iowa 1 - Lehigh Valley 7 |
| TOP OF THE 7TH |
|
Iowa Cubs batting - Pitching for Lehigh Valley IronPigs : RHP John Capparelli
|
|
Batting: SHB Gerardo Flores
|
0-0: Swinging Strike 0-1: Foul Ball, location: 2F 0-2: SINGLE (Groundball, 4S, EV 75.0 MPH) (infield hit)
|
|
Batting: LHB Chris Morgan
|
0-0: Ball 1-0: Ball 2-0: Foul Ball, location: 2F 2-1: Called Strike 2-2: Foul Ball, location: 2F 2-2: Ball 3-2: Foul Ball, location: 2F 3-2: Foul Ball, location: 2F 3-2: Fly out, F7 (Flyball, 7LM, EV 97.5 MPH)
|
|
Batting: LHB Paul Perry
|
0-0: Foul Ball, location: 2F 0-1: Ball Gerardo Flores is caught stealing 2nd base 2-6 1-1: SINGLE (Groundball, 4MD, EV 108.8 MPH)
|
|
Batting: LHB John Criswell
|
0-0: Ball Paul Perry is caught stealing 2nd base 2-6
|
| Top of the 7th over - 0 runs, 2 hits, 0 errors, 0 left on base; Iowa 1 - Lehigh Valley 7 |
| BOTTOM OF THE 7TH |
|
Lehigh Valley IronPigs batting - Pitching for Iowa Cubs : RHP Chris Allen
|
|
Batting: RHB Young-tae Yoo
|
0-0: Ball 1-0: Foul Ball, location: 2F 1-1: Ball 2-1: SINGLE (Groundball, P, EV 98.1 MPH)
|
|
Batting: RHB Josh Hensley
|
0-0: Called Strike 0-1: Ball 1-1: Foul Ball, location: 2F 1-2: Foul Ball, location: 2F 1-2: Ball 2-2: Foul Ball, location: 2F 2-2: Foul Ball, location: 2F 2-2: Foul Ball, location: 2F 2-2: Ball 3-2: SINGLE (Groundball, 56D, EV 105.6 MPH) Young-tae Yoo to second
|
|
Batting: RHB Chris Pounds
|
0-0: Ball Wild Pitch! Young-tae Yoo to third Josh Hensley to second 1-0: 3-RUN HOME RUN (Flyball, 89XD, EV 102.5 MPH), Distance : 404 ft
|
|
Batting: RHB Dan Grable
|
0-0: Ground out 4-3 (Groundball, 4, EV 77.5 MPH)
|
|
Pinch Hitting: RHB Nick Beggs
|
0-0: Ball 1-0: Fly out, F8 (Flyball, 8RM, EV 94.4 MPH)
|
|
Batting: LHB Tyler Allen
|
0-0: Ball 1-0: SOLO HOME RUN (Flyball, 89XD, EV 108.8 MPH), Distance : 414 ft
|
|
Pitching: LHP Brock Lewis
|
|
|
Batting: SHB Lance Franklin
|
0-0: Foul Ball, location: 2F 0-1: Called Strike 0-2: Ball 1-2: Foul Ball, location: 2F 1-2: Foul Ball, location: 2F 1-2: Ball 2-2: Ball 3-2: Ground out 5-3 (Groundball, 56, EV 102.5 MPH)
|
| Bottom of the 7th over - 4 runs, 4 hits, 0 errors, 0 left on base; Iowa 1 - Lehigh Valley 11 |
| TOP OF THE 8TH |
|
Iowa Cubs batting - Pitching for Lehigh Valley IronPigs : RHP John Capparelli
|
|
Now in LF: Nick Beggs
|
|
|
Batting: LHB John Criswell
|
0-0: Called Strike 0-1: Ball 1-1: Ball 2-1: Fly out, F7 (Flyball, 78M, EV 80.0 MPH)
|
|
Batting: SHB Nick Chandler
|
0-0: Ball 1-0: Ball 2-0: Fly out, F8 (Flyball, 8LD, EV 87.5 MPH)
|
|
Batting: LHB Bobby Adams
|
0-0: Ground out 3-1 (Groundball, 34, EV 83.8 MPH)
|
| Top of the 8th over - 0 runs, 0 hits, 0 errors, 0 left on base; Iowa 1 - Lehigh Valley 11 |
| BOTTOM OF THE 8TH |
|
Lehigh Valley IronPigs batting - Pitching for Iowa Cubs : LHP Brock Lewis
|
|
Batting: RHB Julian Nijhuis
|
0-0: Foul Ball, location: 2F 0-1: Called Strike 0-2: Foul Ball, location: 2F 0-2: Foul Ball, location: 2F 0-2: Strikes out swinging
|
|
Batting: RHB Matt Sanders
|
0-0: Foul Ball, location: 2F 0-1: Called Strike 0-2: Fly out, F8 (Flyball, 8LD, EV 105.0 MPH)
|
|
Batting: RHB Young-tae Yoo
|
0-0: Swinging Strike 0-1: Ball 1-1: Ball 2-1: Ground out 6-3 (Groundball, 6, EV 102.5 MPH)
|
| Bottom of the 8th over - 0 runs, 0 hits, 0 errors, 0 left on base; Iowa 1 - Lehigh Valley 11 |
| TOP OF THE 9TH |
|
Iowa Cubs batting - Pitching for Lehigh Valley IronPigs : RHP John Capparelli
|
|
Batting: SHB R.J. Vargas
|
0-0: Ball 1-0: Foul Ball, location: 2F 1-1: Ball 2-1: Ball 3-1: Ground out 6-3 (Groundball, 6M, EV 85.0 MPH)
|
|
Batting: LHB Jose Mojica
|
0-0: Called Strike 0-1: Ball 1-1: Swinging Strike 1-2: Strikes out looking
|
|
Pinch Hitting: RHB Shintaro Katsumata
|
0-0: SINGLE (Groundball, 6MD, EV 98.8 MPH)
|
|
Pinch Hitting: LHB John Holst
|
0-0: Swinging Strike 0-1: Ground out 4-3 (Groundball, 4, EV 83.1 MPH)
|
| Top of the 9th over - 0 runs, 1 hit, 0 errors, 1 left on base; Iowa 1 - Lehigh Valley 11 |
|